cohdb
Replays
Latest Replays
All Replays
Popular Replays
Top Player Replays
Match Explorer
How It Works
Community
CoH3 Stats
Reddit
Sign in to upload your games and track your stats! →
Sign in with Steam
Match 38248060
Unlisted
Match 38248060
Overview
Messages
Build Orders
End
Royal Engineer Section
Construct Section Command Post
Selects Indian Artillery Battlegroup
Infantry Section
Infantry Section
Vickers Machine Gun Team
Infantry Section
Selects War Cry
Selects Gurkha Rifles Section
Construct Platoon Command Post
6-pounder Anti-tank Gun Team
Infantry Training
War Cry
Gurkha Rifles Section
Construct Company Command Post
Selects Volunteer Infantry
Matilda II Heavy Tank
Selects Artillery Saturation
Foot Guards Section
Selects Off-map Airburst Barrage
Off-map Airburst Barrage
Matilda II Heavy Tank
Selects BL5.5 Artillery Emplacement
Crusader II Medium Tank
Crusader II Medium Tank
Crusader II Medium Tank
War Cry
Crusader II Medium Tank
Royal Engineer Section
Crusader II Medium Tank
Off-map Airburst Barrage
Crusader II Medium Tank
Crusader II Medium Tank
Armored Vehicle Training
Crusader II Medium Tank
Royal Engineer Section
Off-map Airburst Barrage
Crusader II Medium Tank
Off-map Airburst Barrage
STALKER4732
kit.ohume
Devochkin
DragonNeko
DON DOMINO
Меткић'94
0
0
Comments
sign in to comment!
No comments posted yet!